Map: 로스트 앤 파운드 - 래더

Players

PartinG - Winner!

  • Race: Protoss Protoss
  • League: Grandmaster
  • Spawn Location: 7:00

FanTaSy

  • Race: Terran Terran
  • League: Diamond
  • Spawn Location: 1:00

Event: HomeStory Cup XVII

VOD

Have the link to the VOD?

Description

Time

  • Played on: June 30, 2018, 3:48 p.m.
  • Length: 12:55

All games in this series

Show
View Real Time Build Order
Export as new Build Order

PartinG Protoss - Winner!

Build Orders: 1 Gate Expand 

Get SALT Encoding   

  12  0:00  Probe  
  13  0:12  Probe  
  14  0:17  Pylon  
  14  0:23  Probe  
  15  0:31  Probe  
  15  0:36  Gateway  
  15  0:39  Probe  
  16  0:45  Assimilator  
  17  0:51  Probe  
  18  1:03  Probe  
  19  1:15  Probe  
  20  1:23  Cybernetics Core  
  20  1:32  Nexus  
  20  1:34  Zealot  
  22  1:45  Pylon  
  22  1:49  Probe  
  22  1:53  Stalker  
  23  2:00  Warp Gate  
  23  2:04  Assimilator  
  23  2:07  Probe  
  26  2:16  Stalker  
  26  2:23  Shield Battery  
  26  2:27  Probe  
  29  2:35  Shield Battery  
  29  2:37  Stalker  
  29  2:41  Probe  
  30  2:47  Probe  
  33  3:03  Stalker  
  33  3:09  Robotics Facility  
  31  3:26  Gateway  
  28  3:27  Stalker  
  28  3:33  Pylon  
  29  3:46  Probe  
  29  3:47  Probe  
  31  3:52  Immortal  
  33  4:11  Stalker  
  27  4:26  Stalker  
  27  4:33  Probe x2  
  23  4:42  Stalker  
  25  4:49  Probe  
  25  4:52  Probe  
  27  4:57  Probe  
  27  5:04  Probe  
  29  5:08  Stalker  
  31  5:19  Probe  
  32  5:21  Stalker  
  34  5:31  Probe  
  31  5:39  Stalker  
  31  5:40  Probe  
  34  5:43  Probe  
  31  5:50  Stalker  
  31  5:53  Probe  
  31  5:55  Probe  
  35  6:01  Observer  
  36  6:07  Probe  
  33  6:13  Stalker x2  
  33  6:14  Probe  
  33  6:15  Warp Prism  
  33  6:17  Probe  
  38  6:22  Probe  
  38  6:25  Probe  
  39  6:30  Probe  
  43  6:34  Probe  
  43  6:36  Stalker  
  47  6:44  Probe  
  47  6:45  Stalker  
  47  6:46  Probe  
  51  6:53  Observer  
  52  6:56  Probe  
  52  6:57  Pylon  
  52  6:58  Probe  
  54  7:03  Pylon  
  54  7:09  Pylon  
  56  7:15  Probe x2  
  56  7:20  Stalker x2  
  59  7:28  Probe x2  
  60  7:42  Gateway  
  60  7:43  Gateway, Twilight Council  
  60  7:45  Stalker x2  
  60  7:51  Probe x2  
  66  8:02  Immortal  
  66  8:04  Assimilator  
  70  8:06  Assimilator  
  70  8:16  Blink  
  70  8:35  Stalker  
  70  8:36  Stalker  
  66  8:49  Probe x2  
  66  8:54  Observer  
  67  9:02  Probe  
  67  9:03  Probe  
  67  9:08  Warp Prism, Observer  
  67  9:09  Nexus  
  68  9:10  Pylon  
  68  9:14  Pylon  
  70  9:18  Robotics Bay  
  70  9:19  Forge  
  70  9:22  Gateway  
  70  9:25  Probe x2  
  70  9:27  Gateway  
  72  9:31  Stalker x2  
  72  9:32  Stalker  
  72  9:33  Stalker  
  72  9:34  Protoss Ground Weapons Level 1  
  80  9:45  Probe  
  80  9:46  Probe  
  82  9:53  Observer  
  82  9:59  Sentry x2  
  86  10:00  Observer  
  86  10:04  Gateway x2  
  86  10:05  Disruptor  
  86  10:08  Probe x2  
  86  10:11  Assimilator  
  88  10:15  Assimilator  
  88  10:19  Stalker  
  88  10:20  Observer  
  93  10:27  Probe x2  
  95  10:31  Disruptor  
  95  10:34  Gravitic Drive  
  95  10:37  Probe  
  95  10:40  Probe x2  
  101  10:49  Probe  
  98  11:05  Stalker x5  
  98  11:07  Probe  
  98  11:10  Pylon  
  98  11:11  Pylon  
  109  11:13  Pylon  
  107  11:19  Disruptor  
  108  11:28  Nexus  
  108  11:30  Pylon  
  108  11:34  Stalker x3  
  112  11:58  Observer  
  110  12:03  Zealot x2  
  110  12:04  Zealot x6  
  126  12:19  Probe x3, Pylon  
  129  12:29  Zealot x6  
  126  12:54  Zealot x2  
  126  12:55  Zealot x6  
Show
View Real Time Build Order
Export as new Build Order

FanTaSy Terran 

Build Orders: Cyclone Opening 

Get SALT Encoding   

  12  0:00  SCV  
  13  0:12  SCV  
  14  0:18  Supply Depot  
  14  0:24  SCV  
  15  0:40  Barracks  
  15  0:41  SCV  
  16  0:46  Refinery  
  16  0:53  SCV  
  16  0:56  Refinery  
  17  1:05  SCV  
  18  1:17  SCV  
  19  1:28  Marine  
  19  1:29  Orbital Command  
  20  1:34  Factory  
  20  1:43  Supply Depot  
  20  1:47  Barracks Tech Lab  
  20  1:54  SCV  
  21  2:05  Marauder, Concussive Shells  
  21  2:07  SCV  
  24  2:19  Cyclone  
  27  2:27  Supply Depot, Marauder  
  29  2:33  SCV  
  30  2:49  Marauder  
  32  2:51  Cyclone  
  32  2:54  SCV  
  34  3:11  Supply Depot  
  33  3:16  Marauder  
  30  3:27  Cyclone  
  33  3:38  SCV  
  32  3:44  Marauder  
  34  3:51  SCV  
  34  3:59  Cyclone  
  37  4:04  SCV  
  37  4:12  Marauder  
  37  4:16  Supply Depot, SCV  
  39  4:28  SCV  
  38  4:31  Cyclone  
  38  4:36  Marauder  
  36  4:40  SCV  
  30  4:58  Marauder  
  32  5:03  Cyclone  
  34  5:11  Command Center  
  34  5:19  Marauder  
  34  5:21  Starport  
  34  5:31  SCV  
  35  5:35  Cyclone  
  35  5:40  Marauder  
  40  5:43  SCV  
  37  5:58  SCV  
  37  5:59  Medivac  
  40  6:09  Cyclone  
  40  6:10  SCV  
  36  6:13  Liberator  
  36  6:23  SCV  
  36  6:24  Orbital Command, Barracks  
  40  6:35  SCV  
  41  6:41  Cyclone  
  44  6:52  SCV  
  42  6:54  SCV  
  42  7:00  Bunker  
  43  7:04  SCV  
  43  7:05  Engineering Bay, Barracks  
  43  7:06  SCV  
  45  7:13  Viking  
  47  7:27  Marine  
  47  7:28  SCV x2  
  50  7:31  Refinery  
  50  7:32  Refinery  
  47  7:43  Barracks Reactor  
  47  7:46  Terran Infantry Weapons Level 1  
  47  7:48  SCV x2  
  47  7:49  Barracks Tech Lab  
  49  7:56  Command Center  
  46  7:59  Barracks Tech Lab  
  46  8:00  SCV x2  
  48  8:08  Viking  
  48  8:09  Stimpack  
  48  8:10  Marauder  
  48  8:12  SCV x2  
  54  8:18  Marauder  
  56  8:24  SCV x2  
  57  8:28  Marine x2  
  57  8:31  Marauder  
  55  8:36  SCV x2  
  52  8:45  Marauder  
  52  8:46  Marine x2  
  50  8:48  SCV x2  
  50  8:53  Marauder  
  52  8:59  Medivac  
  52  9:00  SCV x2  
  56  9:04  Marine x2  
  56  9:06  Marauder  
  60  9:12  SCV  
  60  9:13  SCV  
  60  9:14  Marauder  
  60  9:15  Combat Shields  
  64  9:22  Orbital Command  
  64  9:26  SCV  
  64  9:29  SCV  
  66  9:34  Starport Reactor  
  66  9:39  Marauder x2  
  66  9:42  Marine x2  
  72  9:46  Terran Infantry Armor Level 1  
  72  9:51  SCV x3  
  75  10:00  Supply Depot x2  
  75  10:03  Orbital Command  
  75  10:05  Marine, Marauder x2  
  75  10:06  Marine  
  81  10:10  SCV x2  
  81  10:13  Medivac  
  85  10:22  Medivac  
  85  10:23  SCV x2  
  85  10:27  Marine x2, Marauder x2  
  95  10:37  SCV x2  
  95  10:38  SCV  
  98  10:45  Barracks x2  
  98  10:49  SCV x2  
  100  10:50  SCV  
  101  11:03  Factory  
  101  11:15  Factory, Marauder  
  101  11:34  Barracks Reactor, Barracks Tech Lab  
  101  11:44  Medivac x2, Marine x2, SCV x2  
  101  11:45  Marauder  
  101  11:46  Marauder, SCV  
  91  11:55  Factory Tech Lab  
  91  11:56  SCV x2  
  91  11:58  SCV  
  91  12:01  Factory Tech Lab  
  87  12:02  Marine x2  
  87  12:04  Refinery  
  87  12:05  Refinery  
  87  12:06  Marauder  
  87  12:08  Marauder x2, SCV x2  
  95  12:09  Engineering Bay, Armory  
  95  12:10  SCV  
  95  12:14  Medivac x2, Siege Tank  
  99  12:19  Supply Depot  
  99  12:20  Supply Depot  
  99  12:21  Supply Depot, SCV x2  
  99  12:22  Supply Depot  
  101  12:26  SCV  
  100  12:31  Marine x2  
  101  12:41  SCV x3  
Tags
 
Add a new tag
Caveats
  • Supply blocks, unpowered buildings, or Contaminate may cause inaccurate times.
  • Supply counts are checked every 10 seconds.